 Dungeon Crawl Stone Soup version 0.27-a0-1232-gc6a4cbde82 (webtiles) character file.

Game seed: 10955904424645558431

97 hilljack the Digger (level 4, -4/24 HPs)
             Began as a Gargoyle Earth Elementalist on June 8, 2021.
             Slain by Sigmund
             ... wielding a +0 scythe
              (6 damage)
             ... on level 3 of the Dungeon.
             The game lasted 00:06:15 (2798 turns).

hilljack the Digger (Gargoyle Earth Elementalist)   Turns: 2798, Time: 00:06:16

Health: -4/24      AC:  6    Str: 11    XL:     4   Next: 68%
Magic:  8/8        EV: 11    Int: 17    God:
Gold:   85         SH:  0    Dex: 10    Spells: 2/8 levels left

rFire    . . .     SeeInvis .   f - +3 short sword (speed)
rCold    . . .     Faith    .   (no shield)
rNeg     + . .     Spirit   .   g - +0 leather armour
rPois    ∞         Reflect  .   (no helmet)
rElec    +         Harm     .   (no cloak)
rCorr    .         Rampage  .   (no gloves)
Will     .....                  (no boots)
Stlth    +.........             (no amulet)
HPRegen  0.08/turn              (no ring)
MPRegen  0.11/turn              (no ring)

@: confused
A: sickness immunity, AC +3, negative energy resistance 1, electricity
resistance, torment resistance 1, petrification resistance
a: no special abilities


You were on level 3 of the Dungeon.
You visited 1 branch of the dungeon, and saw 3 of its levels.

You collected 85 gold pieces.

Inventory:

Hand Weapons
 d - a +0 quarterstaff
 f - a +3 short sword of speed (weapon)
Missiles
 b - 19 stones
Armour
 g - a +0 leather armour (worn)
Potions
 h - a potion of curing {unknown}


   Skills:
 - Level 1.5 Dodging
 - Level 2.1 Stealth
 + Level 2.8 Spellcasting
 + Level 1.1 Conjurations
 - Level 0.7 Transmutations
 * Level 5.4 Earth Magic


You had 2 spell levels left.
You knew the following spells:

 Your Spells              Type           Power      Damage    Failure   Level
a - Sandblast             Erth           42%        2d11      2%          1
b - Passwall              Tmut/Erth      10%        N/A       10%         2
c - Stone Arrow           Conj/Erth      26%        3d8       19%         3

Your spell library contained the following spells:

 Spells                   Type           Power      Damage    Failure   Level
 Petrify                  Tmut/Erth      12%        N/A       54%         4
 Lee's Rapid Deconstruct  Erth           10%        3d9*      56%         5


Dungeon Overview and Level Annotations

Branches:
Dungeon (3/15)

Altars:

Shops:
D:1 [

Annotations:
D:3 Sigmund


Innate Abilities, Weirdness & Mutations

You are immune to sickness and miasma.
Your stone body is resilient. (AC +3)
You are immune to poison.
You resist negative energy. (rN+)
You are resistant to electric shocks. (rElec)
You are resistant to unholy torment.
You are immune to petrification.


Message History

t - Shout!
Orders for allies: a - Attack new target. r - Retreat! s - Stop attacking. g - Guard the area. f - Follow me.
Anything else - Cancel.
You shout for attention!
Sigmund shouts!
Sigmund points at you and mumbles some strange words.
You are confused.
You're too confused to cast spells.
You bump into the rock wall.
Sigmund mumbles some strange words.
Sigmund flickers and vanishes!
Deactivating autopickup; reactivate with Ctrl-A.
You miss something. Something barely misses you.
You miss something. Something hits you.
You bump into the rock wall.
You feel less confused. Something hits you!
You hear some strange, mumbled words.
Something tries to affect you, but you resist.
Something tries to affect you, but you resist.
You see here a +0 hand axe.
You are confused.
You bump into the rock wall.
You bump into the rock wall.
You bump into the rock wall.
A puff of flame appears from out of thin air!
The puff of flame hits you!
You bump into the rock wall.
You feel less confused. Something hits you.
* * * LOW HITPOINT WARNING * * *
You hear some strange, mumbled words.
You are confused.
You're too confused to move!
Something hits you.
* * * LOW HITPOINT WARNING * * *
You bump into the rock wall.
Something hits you.
You die...

#.# #.# #.# #.# #.#
#)# #.# #{# #@# .#
####.# #.# .#
#....#### #.###.##
#.#####.. ....... #.#
#.# #.##..# #.# #.#
#.##.. #.# #<# #.##.#
#.#####.###.##†# #
#...........##.##...#


There were no monsters in sight!

Vanquished Creatures
  4 adders (D:2)
  3 worms (D:2)
  2 dart slugs (D:1)
  An orc (D:3)
  7 ball pythons
  3 endoplasms
  2 giant cockroaches (D:1)
  3 hobgoblins
  4 jackals (D:3)
  8 kobolds
  4 bats
  2 frilled lizards
  2 goblins
  5 rats (D:1)
50 creatures vanquished.

Vanquished Creatures (others)
  2 plants (D:1)
2 creatures vanquished.

Grand Total: 52 creatures vanquished

Notes
Turn   | Place    | Note
-------+----------+-------------------------------------------
     0 | D:1      | hilljack the Gargoyle Earth Elementalist began the quest
                  | for the Orb.
     0 | D:1      | Reached XP level 1. HP: 10/10 MP: 3/3
    38 | D:1      | Found Isecunke's Antique Armour Shoppe.
   454 | D:1      | Reached skill level 4 in Earth Magic
   454 | D:1      | Reached XP level 2. HP: 12/15 MP: 5/5
  1301 | D:1      | Reached XP level 3. HP: 16/19 MP: 6/6
  1640 | D:2      | Learned a level 2 spell: Passwall
  1644 | D:2      | Learned a level 3 spell: Stone Arrow
  1717 | D:2      | Reached skill level 5 in Earth Magic
  1897 | D:2      | Reached XP level 4. HP: 24/24 MP: 6/8
  2308 | D:2      | Reached skill level 1 in Conjurations
  2761 | D:3      | Found a faded altar of an unknown god.
  2761 | D:3      | Noticed Sigmund
  2798 | D:3      | Slain by Sigmund

Illustrated notes

Levels and vault maps discovered:
D:1:      minmay_arrival_arboretum_small, layout_loops_cross, serial_shops,
          nicolae_shop_crystal, serial_forest, infiniplex_forest_diagonal,
          infiniplex_forest_lined_ring, infiniplex_forest_zigzag_2,
          infiniplex_forest_lined_ring, infiniplex_forest_clump_double,
          infiniplex_forest_clump_C
D:2:      layout_rooms
D:3:      layout_loops_ring, hellmonk_ecumenical_altar_blasted, uniq_jessica,
          uniq_sigmund, uniq_natasha

Skill      XL: |  1  2  3  4 |
---------------+-------------+-----
Earth Magic    | 4 5 |  5.4
Conjurations   | 1 |  1.1
Dodging        | |  1.5
Stealth        | |  2.1
Spellcasting   | |  2.8
Transmutations | |  0.7

Action                   |  1- 3 |  4- 6 || total
-------------------------+-------+-------++-------
Melee: Spear             |    28 |       ||    28
       Unarmed           |     4 |       ||     4
       Short sword       |    59 |    26 ||    85
 Cast: Sandblast         |    17 |    16 ||    33
  Use: Potion            |     1 |       ||     1
       Scroll            |     5 |     2 ||     7
 Stab: Sleeping          |     5 |       ||     5
Armor: Robe              |    12 |       ||    12
       Leather armour    |    15 |    11 ||    26
Dodge: Dodged            |    46 |    10 ||    56

Table legend: (Time is in decaauts)
 A = Elapsed time spent in this place.
 B = Non-inter-level travel time spent in this place.
 C = Inter-level travel time spent in this place.
 D = Time resting spent in this place.
 E = Time spent auto-exploring this place.
 F = Levels seen in this place.
 G = Mean time per level.
                   A        B        C        D        E       F      G
               +--------+--------+--------+--------+--------+-----+--------+
         Total |   2778 |   2730 |     48 |    747 |   1487 |   3 |  926.0 |
       Dungeon |   2778 |   2730 |     48 |    747 |   1487 |   3 |  926.0 |
               +--------+--------+--------+--------+--------+-----+--------+

Top non-repeatable levels by time:
     D:1: 1586 daAuts
     D:2: 948 daAuts
     D:3: 242 daAuts
